 Dungeon Crawl Stone Soup version 0.29.0-4-gdea44cf6ec (webtiles) character file.

Game seed: 3201488982244514598

47 qw the Chopper (level 3, -2/21 HPs)
             Began as a Tengu Warper on Aug 28, 2022.
             Slain by a hobgoblin (3 damage)
             ... led by Robin
             ... on level 2 of the Dungeon.
             The game lasted 00:00:06 (873 turns).

qw the Chopper (Tengu Warper)                        Turns: 873, Time: 00:00:07

Health: -2/21      AC:  3    Str: 13    XL:     3   Next: 70%
Magic:  7/7        EV: 12    Int: 13    God:
Gold:   87         SH:  0    Dex: 13    Spells: 6/6 levels left

rFire   . . .      SeeInvis .   Y - +0 hand axe
rCold   . . .      Faith    .   (no shield)
rNeg    . . .      Spirit   .   b - +0 leather armour
rPois   .          Reflect  .   (helmet restricted)
rElec   .          Harm     .   (no cloak)
rCorr   .          Rampage  .   (no gloves)
Will    .....                   (boots unavailable)
Stlth   +.........              (no amulet)
HPRegen 0.07/turn               (no ring)
MPRegen 0.10/turn               (no ring)

@: no status effects
A: beak, talons 3
a: no special abilities


You were on level 2 of the Dungeon.
You visited 1 branch of the dungeon, and saw 2 of its levels.

You collected 87 gold pieces.


Innate Abilities, Weirdness & Mutations

You have a beak for a mouth.
You have claws for feet.


   Skills:
 - Level 2.0 Fighting
 + Level 4.3 Axes
 - Level 1.0 Throwing
 - Level 1.1 Armour
 - Level 2.1 Dodging
 - Level 2.0 Spellcasting
 - Level 2.4 Translocations


You had 6 spell levels left.
You didn't know any spells.
Your spell library contained the following spells:

 Spells                   Type           Power      Damage    Failure   Level
 Blink                    Tloc           14%        N/A       19%         2
 Gell's Gravitas          Tloc           7%         N/A       36%         3
 Lesser Beckoning         Tloc           7%         N/A       36%         3
 Teleport Other           Tloc           7%         N/A       36%         3
 Manifold Assault         Tloc           7%         N/A       98%         5

Inventory:

Hand Weapons
 f - a +0 club
 Y - a +0 hand axe (weapon)
Missiles
 c - 2 boomerangs (quivered)
Armour
 b - a +0 leather armour (worn)
Scrolls
 a - a scroll of amnesia {unknown}
Potions
 g - a potion of flight {unknown}
 h - a potion of attraction {unknown}
 j - a potion of curing {unknown}
 k - a potion of lignification {unknown}

Dungeon Overview and Level Annotations

Branches:
Dungeon (2/15)

Altars:


Message History

You hit the hobgoblin.
You kill the hobgoblin!
You closely miss the adder. You hit the goblin.
You kill the goblin!
You hit the goblin.
You kill the goblin!
The adder closely misses you.
You hit the adder but do no damage.
The adder is moderately wounded.
You hit the goblin but do no damage. You hit the goblin.
The goblin closely misses you. The goblin barely misses you.
The adder barely misses you.
A hobgoblin comes into view.
The goblin hits you with a +0 dagger. The goblin hits you but does no damage.
You barely miss the goblin. You claw the goblin.
You kill the goblin!
You closely miss the goblin. You hit the adder.
The adder completely misses you. The adder bites you but does no damage.
You hit the adder. Your punch misses the adder.
The adder is severely wounded.
You hit the goblin but do no damage. You closely miss the goblin.
The adder closely misses you. The goblin completely misses you.
The goblin hits you but does no damage.
You closely miss the adder. You claw the adder, but do no damage.
The adder is severely wounded.
You hit the goblin.
You kill the goblin!
You miss the goblin. The adder closely misses you.
The goblin closely misses you. The adder closely misses you.
You hit the adder but do no damage.
The adder is severely wounded.
You hit the hobgoblin. You hit the goblin but do no damage.
The adder misses you. The goblin closely misses you.
The hobgoblin barely misses you.
You hit the adder.
The adder is almost dead.
You hit the hobgoblin. You closely miss the goblin.
The adder barely misses you. The hobgoblin hits you.
You die...

#......## #.. #.......# #.#
#.##.##.# #.# #.##.##.###.#
#.##........####
#..............#
#..####..#..#.#.#####
#######..))....#...###.....
.........g@##.>####.#.#####
#..###...gS##..#####.##
#.#.#g##........#
#.#.[)...######.#
#.#...#### #.# #K#.#.# ...
#....># ... g)....## ...
.###.. #...#


You could see an adder, a hobgoblin and 2 goblins.

Vanquished Creatures
  Robin (D:2)
  A dart slug (D:1)
  2 endoplasms
  A giant cockroach (D:1)
  10 goblins
  4 hobgoblins
  A quokka (D:1)
  2 ball pythons (D:1)
  A bat (D:1)
  2 frilled lizards
  2 kobolds
  5 rats
32 creatures vanquished.

Notes
Turn   | Place    | Note
-------+----------+-------------------------------------------
     0 | D:1      | qw the Tengu Warper began the quest for the Orb.
     0 | D:1      | Reached XP level 1. HP: 12/12 MP: 4/4
     0 | D:1      | 0 ||| qw: Version: 0.1-a-89-g26bdef1
     0 | D:1      | 0 ||| qw: Game counter: 2730
     0 | D:1      | 0 ||| qw: Always use a shield: true
     0 | D:1      | 0 ||| qw: God list: Okawaru
     0 | D:1      | 0 ||| qw: Allow faded altars: false
     0 | D:1      | 0 ||| qw: Do Orc after D:15 true
     0 | D:1      | 0 ||| qw: Do second Lair branch before Depths: true
     0 | D:1      | 0 ||| qw: Lair rune preference: random
     0 | D:1      | 0 ||| qw: Plans: Normal
     0 | D:1      | 0 ||| PLANNING D:1-11
   190 | D:1      | Reached XP level 2. HP: 17/17 MP: 6/6
   224 | D:1      | Reached skill level 3 in Axes
   668 | D:1      | 668 ||| READING scroll labelled TEVVIOGRU DEMO.
   669 | D:1      | 669 ||| READING scroll labelled GUGIMO KY GIENG.
   670 | D:1      | 670 ||| READING scroll labelled RASAIPRYBB.
   671 | D:1      | 671 ||| DROPPING scroll of blinking.
   685 | D:2      | 685 ||| STAIRDANCE
   690 | D:2      | 690 ||| STAIRDANCE
   830 | D:2      | 830 ||| Stepping ~*~*~tactically~*~*~ (stealth).
   835 | D:2      | Reached XP level 3. HP: 21/21 MP: 7/7
   848 | D:2      | Noticed Robin
   849 | D:2      | 849 ||| Stepping ~*~*~tactically~*~*~ (hiding).
   851 | D:2      | 851 ||| Stepping ~*~*~tactically~*~*~ (hiding).
   852 | D:2      | 852 ||| Stepping ~*~*~tactically~*~*~ (hiding).
   853 | D:2      | 853 ||| Stepping ~*~*~tactically~*~*~ (hiding).
   854 | D:2      | 854 ||| Stepping ~*~*~tactically~*~*~ (hiding).
   855 | D:2      | 855 ||| Stepping ~*~*~tactically~*~*~ (hiding).
   861 | D:2      | Killed Robin
   862 | D:2      | Reached skill level 4 in Axes
   863 | D:2      | HP: 4/21 [goblin/+0 club[Robin] (4)]
   864 | D:2      | HP: 1/21 [adder (3)]
   873 | D:2      | Slain by a hobgoblin

Levels and vault maps discovered:
D:1:      minmay_arrival_hallway, layout_basic
D:2:      layout_loops_cross, dilly_ecumenical_altar_fadedgnrine, uniq_robin

Skill      XL: |  1  2  3 |
---------------+----------+-----
Axes           | 3 4 |  4.3
Fighting       | |  2.0
Throwing       | |  1.0
Armour         | |  1.1
Dodging        | |  2.1
Spellcasting   | |  2.0
Translocations | |  2.4

Action                   || total
-------------------------++-------
Melee: Hand axe          ||    57
       Peck              ||    12
       Kick              ||     8
Throw: Boomerang         ||    14
  Use: Scroll            ||     3
 Stab: Sleeping          ||     1
Armor: Leather armour    ||    17
Dodge: Dodged            ||    38

Table legend:
 A = Non-vault XP
 B = Vault XP
 C = Vault XP percentage of total XP
 D = Non-vault monster count
 E = Vault monster count
 F = Vault count percentage of total count
                 A         B        C        D         E       F
            +---------+---------+-------+---------+---------+-------
      Total |      35 |      33 |  48.5 |      22 |      10 |  31.2
            +---------+---------+-------+---------+---------+-------
        D:1 |      29 |       0 |   0.0 |      18 |       0 |   0.0
        D:2 |       6 |      33 |  84.6 |       4 |      10 |  71.4
            +---------+---------+-------+---------+---------+-------
